 Dungeon Crawl Stone Soup version 0.19-a0-1899-g2d93087 (webtiles) character file.

121 MrRokkomies the Digger (level 5, 0/40 HPs)
             Began as a Human Wanderer on Oct 20, 2016.
             Was an Initiate of Ru.
             Slain by HANFGEIST's ghost (2 damage)
             ... on level 3 of the Dungeon.
             The game lasted 00:08:24 (3138 turns).

MrRokkomies the Digger (Human Wanderer)             Turns: 3138, Time: 00:08:24

Health: 0/40       AC:  3    Str: 11      XL:     5   Next: 26%
Magic:  2/5        EV: 10    Int: 14 (16) God:    Ru [......]
Gold:   100        SH:  0    Dex: 10 (11) Spells: 2 memorised, 2 levels left

rFire  . . .     SeeInvis .     b - 54 stones
rCold  + . .     Gourm    .     w - +0 ring mail {rN+}
rNeg   + . .     Faith    .     (no shield)
rPois  .         Spirit   .     (helmet restricted)
rElec  .         Reflect  .     (no cloak)
rCorr  .         Harm     .     r - +0 pair of gloves
MR     .....                    (no boots)
Stlth  +.........               (no amulet)
                                (no ring)
                                d - ring of protection from cold

@: flying
A: horns 1, deformed body, robust 1
a: Renounce Religion


You were on level 3 of the Dungeon.
You worshipped Ru.
Ru was noncommittal.
You were hungry.

You visited 1 branch of the dungeon, and saw 3 of its levels.

You collected 100 gold pieces.

Inventory:

Hand Weapons
 a - a +2 dagger of speed
Missiles
 b - 54 stones (in hand)
 n - 2 throwing nets
Armour
 r - a +0 pair of gloves (worn)
 w - a +0 ring mail of positive energy (worn)
Jewellery
 d - a ring of protection from cold (left hand)
Wands
 k - a wand of flame (15/48)
Scrolls
 e - a scroll of magic mapping {unknown}
 h - 2 scrolls of remove curse {unknown}
 j - a scroll of fog {unknown}
 o - 4 scrolls of identify {unknown}
 p - a scroll of noise {unknown}
 s - a scroll of teleportation {unknown}
 t - 3 scrolls of enchant weapon {unknown}
Potions
 v - 2 potions of flight
Books
 c - the Disquisition on Summoning

   Spells                             Type                      Level
   a - Summon Small Mammal            Summoning                    1
   b - Call Canine Familiar           Summoning                    3
 g - Sif Muna's Papyrus of Air

   Spells                             Type                      Level
   a - Shock                          Conjuration/Air              1
   b - Static Discharge               Conjuration/Air              3
 m - a book of Geomancy

   Spells                             Type                      Level
   a - Sandblast                      Earth                        1
   b - Passwall                       Transmutation/Earth          2
   c - Stone Arrow                    Conjuration/Earth            3
   d - Petrify                        Transmutation/Earth          4
   e - Lee's Rapid Deconstruction     Earth                        5
Comestibles
 f - a bread ration
 l - a meat ration
 q - a royal jelly
 u - 3 beef jerkies


   Skills:
 - Level 1.5 Fighting
   Level 2.0 Long Blades
 - Level 1.0 Dodging
 - Level 1.8 Stealth
   Level 2.0 Shields
 * Level 3.1 Summonings
 * Level 4.0 Earth Magic


You had 2 spell levels left.
You knew the following spells:

 Your Spells              Type           Power        Failure   Level  Hunger
a - Sandblast             Erth           ##....       14%         1    ##.....
b - Summon Small Mammal   Summ           #...         21%         1    ##.....


Dungeon Overview and Level Annotations

Branches:
Dungeon (3/15)

Altars:
Ru

Annotations:
D:3 HANFGEIST's ghost, amateur DEWz


Innate Abilities, Weirdness & Mutations

You have a pair of small horns on your head.
Armour fits poorly on your strangely shaped body.
You are robust. (+10% HP)


Message History

Okay, then.
Unknown command.
Okay, then.
Unknown command.
HANFGEIST's ghost gestures wildly while chanting.
HANFGEIST's ghost blinks!
The iron imp disappears in a puff of smoke!
HANFGEIST's ghost hits you.
* * * LOW HITPOINT WARNING * * *
b - 55 stones (in hand) HANFGEIST's ghost hits you.
* * * LOW HITPOINT WARNING * * *
Casting: Sandblast
Confirm with . or Enter, or press ? or * to list all spells.
Aiming: Sandblast
Press: ? - help, Shift-Dir - straight line, f/p - HANFGEIST's ghost
Aim: HANFGEIST's ghost, wielding a weapon of speed (severely damaged, repelling missiles) HANFGEIST's ghost repels the rocky blast!
HANFGEIST's ghost hits you.
You die...

#.# #..... #####.####
.#..... ...#..... .......
....... #..... #.#... .#
#..... #.#.######..#
.#.....####....W......#.
......)?..§§....@.......
##..§..§(#####...#.
#.####### ... #.# #.. .
#.# #.######
#.####W####.#....# .#
#...5.........# ...
######.####.#########...#
#....#.##...............#


You could see HANFGEIST's ghost.

Vanquished Creatures
  5 adders
  A worm (D:2)
  4 dart slugs
  2 leopard geckos
  6 bats
  4 giant cockroaches
  7 goblins
  7 hobgoblins
  14 jackals
  3 frilled lizards
  4 kobolds
  7 rats
64 creatures vanquished.

Notes
Turn   | Place    | Note
-------+----------+-------------------------------------------
     0 | D:1      | MrRokkomies the Human Wanderer began the quest for the Orb.
     0 | D:1      | MrRokkomies set off with: a book of Geomancy, Sif Muna's Papyrus of Air, the Disquisition on Summoning, a +0 robe, a +0 club, a bread ration
     0 | D:1      | Reached XP level 1. HP: 13/13 MP: 1/1
     0 | D:1      | Identified Sif Muna's Papyrus of Air
     0 | D:1      | Identified the Disquisition on Summoning
   159 | D:1      | Reached XP level 2. HP: 16/20 MP: 2/2
   186 | D:1      | Reached skill level 1 in Fighting
   471 | D:1      | Reached XP level 3. HP: 26/26 MP: 3/3
   474 | D:1      | Learned a level 1 spell: Sandblast
   476 | D:1      | Learned a level 1 spell: Summon Small Mammal
   500 | D:1      | Reached skill level 1 in Dodging
  1117 | D:1      | Reached XP level 4. HP: 8/32 MP: 1/4
  2530 | D:2      | Reached XP level 5. HP: 33/37 MP: 1/5
  2846 | D:3      | Noticed HANFGEIST's ghost (amateur DEWz)
  2948 | D:3      | Reached skill level 4 in Earth Magic
  2988 | D:3      | Found a sacrificial altar of Ru.
  3035 | D:3      | Became a worshipper of Ru the Awakened
  3105 | D:3      | Gained mutation: You have a pair of small horns on your head. [potion of mutation]
  3105 | D:3      | Gained mutation: Armour fits poorly on your strangely shaped body. [potion of mutation]
  3105 | D:3      | Gained mutation: You are robust. (+10% HP) [potion of mutation]
  3137 | D:3      | HP: 2/40 [HANFGEIST's ghost (1)]
  3138 | D:3      | Slain by HANFGEIST's ghost

Vault maps used:
D:1:      zaba_arrival_water, dk_noncrumbling_2, minmay_tetromino_t4
D:3:      nicolae_ru_sacrificial_ziggurat

Skill      XL: |  1  2  3  4  5 |
---------------+----------------+-----
Fighting       | 1 |  1.5
Dodging        | 1 |  1.0
Summonings     | 3 |  3.1
Earth Magic    | 4 |  4.0
Long Blades    | |  2.0
Stealth        | |  1.8
Shields        | |  2.0

Action                   |  1- 3 |  4- 6 || total
-------------------------+-------+-------++-------
Melee: Dagger            |   151 |   124 ||   275
       Hand axe          |     4 |       ||     4
       Headbutt          |       |     3 ||     3
 Cast: Sandblast         |     2 |    23 ||    25
  Use: Potion            |     3 |     2 ||     5
  Eat: Chunk             |       |     8 ||     8
Armor: Ring mail         |    68 |    38 ||   106
Dodge: Dodged            |    69 |    59 ||   128
